 Dungeon Crawl Stone Soup version 0.31-a0-521-gc7390f8997 (webtiles) character file.

Game seed: 10666094324359798492

18638 Pooter the Cleaver (level 12, -3/110 HPs)
             Began as a Minotaur Berserker on Aug 10, 2023.
             Was a Believer of Trog.
             Slain by a two-headed ogre
             ... wielding a +0 giant club
              (9 damage)
             ... on level 12 of the Dungeon on Aug 11, 2023.
             The game lasted 01:03:25 (14859 turns).

Pooter the Cleaver (Minotaur Berserker)            Turns: 14859, Time: 01:03:25

Health: -3/110     AC: 16    Str: 25    XL:     12   Next: 29%
Magic:  11/11      EV:  7    Int:  4    God:    Trog [**....]
Gold:   332        SH:  0    Dex: 12    Spells: 11/11 levels left

rFire   . . .        a - +4 battleaxe
rCold   . . .        (shield currently unavailable)
rNeg    . . .        o - +1 plate armour
rPois   .            (helmet restricted)
rElec   .            u - +0 cloak
rCorr   .            B - +0 pair of gloves
SInv    +            O - +1 pair of boots
Will    +....        i - amulet of the acrobat Stlth
                     C - ring of willpower
HPRegen 0.38/turn    S - ring of see invisible
MPRegen 0.12/turn

%: acrobat
@: on berserk cooldown, slowed, very slow
A: horns 2, retaliatory headbutt
a: Renounce Religion, Berserk, Trog's Hand


You were on level 12 of the Dungeon.
You worshipped Trog.
Trog was pleased with you.
You visited 3 branches of the dungeon, and saw 17 of its levels.
You also visited: Bailey.

You collected 764 gold pieces.
You spent 432 gold pieces at shops.

Inventory:

Hand Weapons
 a - a +4 battleaxe (weapon)
   (You found it on level 6 of the Dungeon)
 b - the +5 shortbow of Mayhem {antimagic, rC+ Int+5}
   (You bought it in a shop on level 5 of the Dungeon)

   Int+5:     It affects your intelligence (+5).
   rC+:       It protects you from cold.
 e - a +2 dire flail of protection
   (You took it off Edmund on level 4 of the Dungeon)
 j - a +0 trident
   (You took it off an orc on level 6 of the Dungeon)
 w - a +4 hand axe
   (You found it on level 3 of the Dungeon)
 H - a +3 war axe
   (You took it off a kobold brigand in a bailey)
 L - a +1 heavy war axe
   (You took it off an orc on level 8 of the Dungeon)
Missiles
 m - 30 poisoned darts
 p - 2 throwing nets {!f}
 v - 4 atropa-tipped darts
 x - 7 curare-tipped darts
 G - 30 boomerangs (quivered)
 J - 10 javelins
 Q - 73 stones
Armour
 o - a +1 plate armour (worn)
   (You took it off an orc warrior on level 7 of the Dungeon)
 u - a +0 cloak (worn)
   (You found it on level 11 of the Dungeon)
 B - a +0 pair of gloves (worn)
   (You found it on level 1 of the Dungeon)
 O - a +1 pair of boots (worn)
   (You found it on level 9 of the Dungeon)
Jewellery
 i - an amulet of the acrobat (around neck)
   (You found it on level 12 of the Dungeon)
 C - a ring of willpower (left hand)
   (You found it on level 6 of the Dungeon)
 F - a ring of protection from fire
   (You found it on level 6 of the Dungeon)
 I - a ring of protection from cold
   (You found it on level 11 of the Dungeon)
 S - a ring of see invisible (right hand)
   (You bought it in a shop on level 2 of the Dungeon)
Wands
 f - a wand of flame (43)
   (You found it on level 4 of the Dungeon)
 l - a wand of roots (5)
   (You found it on level 10 of the Dungeon)
 D - a wand of digging (1)
   (You found it on level 10 of the Dungeon)
 K - a wand of polymorph (9)
   (You found it on level 7 of the Dungeon)
Scrolls
 d - 2 scrolls of poison {!r}
 n - 2 scrolls of noise {!r}
 q - a scroll of fog
 t - 5 scrolls of teleportation {@r4}
 y - a scroll of blinking
 E - 2 scrolls of immolation {!r}
Potions
 c - a potion of might {unknown}
 g - a potion of ambrosia {unknown}
 h - 4 potions of curing {@q1}
 k - a potion of cancellation {unknown}
 r - 2 potions of lignification {!q}
 s - 2 potions of enlightenment {unknown}
 z - 5 potions of heal wounds {@q2}
 A - 2 potions of mutation {unknown}
 M - a potion of resistance {unknown}


   Skills:
 + Level 11.0 Fighting
 * Level 13.5(14.8) Axes
 - Level 9.9(13.0) Maces & Flails
 * Level 11.4 Ranged Weapons
 - Level 2.4 Armour
 - Level 2.1 Dodging
 - Level 6.1 Stealth


You had 11 spell levels left.
You didn't know any spells.
Your spell library was empty.

Dungeon Overview and Level Annotations

Branches:
Dungeon (14/15) Zot: 26723  Temple (0/1) D:7            Lair (1/5) D:9 Zot: 5998
    Orc (2/2) D:9 Zot: 11498  Bailey (visited)
    Elf: Orc:2       Vaults: D:13-14

Altars:
Cheibriados
Dithmenos
Elyvilon
Hepliaklqana
Makhleb
Trog
Vehumet
Wu Jian
The Shining One

Shops:
D:1 *   D:2 =   D:5 (

Annotations:
D:7 2 runed translucent doors, Crazy Yiuf; notthatgreg's ghost, novice VSEn


Innate Abilities, Weirdness & Mutations

You have a pair of horns on your head.
You reflexively headbutt those who attack you in melee.


Message History

There is a stone staircase leading down here.
A boulder beetle comes into view.
Found a robe.
A sourceless malevolence fills the Dungeon...
With a horrendous wail, an alarm goes off!
A sentinel's mark forms upon you.
You hear a shout!
You hear a bellow! x4
The boulder beetle curls into a ball and begins rolling!
A red film seems to cover your vision as you go berserk!
You feel yourself moving faster!
You feel mighty! The boulder beetle hits you!!!
The boulder beetle stops rolling and uncurls.
You hit the boulder beetle. You hit the boulder beetle.
The boulder beetle bites you!!
You slash the boulder beetle! The boulder beetle barely misses you.
You slash the boulder beetle! You slice the boulder beetle!!
The boulder beetle bites you!
You slash the boulder beetle! You headbutt the boulder beetle.
The boulder beetle closely misses you.
You slash the boulder beetle!
You headbutt the boulder beetle, but do no damage.
You slash the boulder beetle!
The boulder beetle leaps!
You feel a strong urge to attack something.
You are no longer berserk.
You are exhausted.
You feel yourself slow down. The boulder beetle barely misses you.
There is an open door here.
You slash the boulder beetle!
You kill the boulder beetle!
Trog accepts your kill.
You start resting.
A two-headed ogre comes into view. It is wielding two +0 giant clubs.
The sentinel's mark upon you fades away.
There is an open door here.
There is a stone staircase leading down here.
You slice the two-headed ogre!! You headbutt the two-headed ogre.
The two-headed ogre hits you with a +0 giant club.
The two-headed ogre hits you with a +0 giant club!
* * * LOW HITPOINT WARNING * * *
You slash the two-headed ogre! You headbutt the two-headed ogre!
The two-headed ogre hits you with a +0 giant club!
* * * LOW HITPOINT WARNING * * *
The two-headed ogre hits you with a +0 giant club!
* * * LOW HITPOINT WARNING * * *
You barely miss the two-headed ogre.
The two-headed ogre hits you with a +0 giant club!!
* * * LOW HITPOINT WARNING * * *
The two-headed ogre hits you with a +0 giant club!
You die...

#.........)[.#
#.......)[[..#
#............#
#............#
#####............#
....'.......>....#
#............#
###O##########
#@...# ####.####
#....## ####..#
##.# ......○...#
..........#
[B........#
..........#


You could see a two-headed ogre.

Vanquished Creatures
  A boulder beetle (D:12)
  4 two-headed ogres
  5 death yaks (D:9)
  An orc knight (D:7)
  A deep elf pyromancer (D:13)
  An ugly thing (D:12)
  A manticore (D:14)
  An unseen horror (D:11)
  3 kobold demonologists (D:12)
  A shadow (D:9)
  23 yaks
  A vampire (D:10)
  A wyvern (D:10)
  2 steam dragons
  3 vampire mosquitoes
  Edmund (D:4)
  2 water moccasins
  10 orc warriors
  2 sky beasts
  3 ice beasts (D:6)
  3 black bears
  2 ogres
  5 centaurs
  A phantom (D:5)
  9 kobold brigands
  2 bullfrogs
  2 gnoll sergeants
  3 scorpions
  10 wights
  16 killer bees
  6 howler monkeys
  6 orc priests
  A jelly (D:5)
  3 hounds
  2 sleepcaps
  8 orc wizards
  5 adders
  11 gnolls
  An ufetubus (D:4)
  3 worms
  5 dart slugs
  27 orcs
  7 ball pythons
  8 endoplasms
  A giant cockroach (D:3)
  12 goblins
  7 hobgoblins
  3 quokkas
  5 bats
  3 frilled lizards
  18 kobolds
  7 rats
269 creatures vanquished.

Notes
Turn   | Place    | Note
-------+----------+-------------------------------------------
     0 | D:1      | Pooter the Minotaur Berserker began the quest for the Orb.
     0 | D:1      | Reached XP level 1. HP: 19/19 MP: 0/0
   249 | D:1      | Reached XP level 2. HP: 27/27 MP: 1/1
   267 | D:1      | Found Fapnucsi's General Store.
   304 | D:1      | Reached skill level 4 in Axes
   329 | D:1      | Reached skill level 1 in Stealth
   554 | D:1      | Bought a potion of curing for 42 gold pieces
   844 | D:1      | Reached XP level 3. HP: 29/33 MP: 2/2
   985 | D:2      | Found a glowing golden altar of the Shining One.
  1003 | D:2      | Found Nouhua's Jewellery Boutique.
  1475 | D:3      | Reached ** piety under Trog
  1610 | D:3      | Reached XP level 4. HP: 39/40 MP: 3/3
  1960 | D:3      | Found a burning altar of Makhleb.
  2079 | D:4      | Reached skill level 5 in Axes
  2183 | D:4      | Noticed Edmund
  2297 | D:4      | Killed Edmund
  2298 | D:4      | Reached XP level 5. HP: 13/47 MP: 4/4
  2503 | D:2      | Bought a ring of see invisible for 150 gold pieces
  2683 | D:4      | Found an ornate altar of the Wu Jian Council.
  2749 | D:4      | Reached XP level 6. HP: 53/53 MP: 5/5
  2768 | D:5      | Entered Level 5 of the Dungeon
  2783 | D:5      | Reached skill level 1 in Maces & Flails
  2821 | D:5      | Reached skill level 5 in Fighting
  2821 | D:5      | Reached skill level 6 in Axes
  2978 | D:5      | Reached XP level 7. HP: 53/61 MP: 6/6
  3048 | D:5      | Found a shadowy altar of Dithmenos.
  3325 | D:5      | Found Comanen's Antique Weapon Shoppe.
  3918 | D:6      | Reached XP level 8. HP: 48/70 MP: 7/7
  4049 | D:6      | Found a bloodstained altar of Trog.
  4142 | D:6      | Reached skill level 5 in Maces & Flails
  4142 | D:6      | Reached skill level 5 in Stealth
  4161 | D:6      | Reached skill level 7 in Axes
  5249 | D:6      | Reached *** piety under Trog
  5580 | D:7      | Reached skill level 1 in Ranged Weapons
  5585 | D:7      | Reached XP level 9. HP: 78/78 MP: 8/8
  5705 | D:7      | Found a flagged portal.
  5724 | Bailey   | Entered a bailey
  5886 | Bailey   | Noticed an orc knight
  5908 | D:7      | Killed an orc knight
  5909 | D:7      | Reached skill level 8 in Axes
  6196 | D:7      | Noticed a two-headed ogre
  6204 | D:7      | Killed a two-headed ogre
  6205 | D:7      | Reached skill level 5 in Ranged Weapons
  6241 | D:7      | Found a runed translucent door.
  6246 | D:7      | Noticed notthatgreg's ghost (novice VSEn)
  6477 | D:7      | Reached XP level 10. HP: 75/86 MP: 9/9
  6976 | D:5      | Bought a dazzling shortbow for 240 gold pieces
  6976 | D:5      | Identified the +5 shortbow of Mayhem {antimagic, rC+ Int+5}
                  | (You bought it in a shop on level 5 of the Dungeon)
  7053 | D:7      | Found a runed translucent door.
  7054 | D:7      | Noticed Crazy Yiuf
  7464 | D:7      | Found a staircase to the Ecumenical Temple.
  8375 | D:8      | Reached skill level 9 in Axes
  8525 | D:8      | Found a white marble altar of Elyvilon.
  9717 | D:9      | Noticed a death yak
  9717 | D:9      | Noticed a death yak
  9717 | D:9      | Found a staircase to the Lair.
 10034 | D:9      | Found a snail-covered altar of Cheibriados.
 10090 | D:9      | Found a staircase to the Orcish Mines.
 10781 | D:9      | Noticed a death yak
 10782 | D:9      | Noticed a death yak
 10783 | D:9      | Noticed a death yak
 10826 | D:9      | Killed a death yak
 10827 | D:9      | Reached skill level 10 in Axes
 10828 | D:9      | Killed a death yak
 10832 | D:9      | Killed a death yak
 10833 | D:9      | Reached XP level 11. HP: 94/97 MP: 10/10
 10836 | D:9      | Killed a death yak
 10837 | D:9      | Killed a death yak
 10838 | D:9      | Reached skill level 11 in Axes
 10965 | D:9      | Found a hazy altar of Hepliaklqana.
 11547 | D:10     | Entered Level 10 of the Dungeon
 11547 | D:10     | Noticed a two-headed ogre
 11615 | D:10     | Found a radiant altar of Vehumet.
 11630 | D:10     | Killed a two-headed ogre
 11944 | D:9      | Reached skill level 10 in Fighting
 12102 | D:10     | Reached skill level 12 in Axes
 12384 | D:10     | Reached skill level 10 in Ranged Weapons
 12508 | D:10     | Noticed a two-headed ogre
 12514 | D:10     | Killed a two-headed ogre
 12740 | Lair:1   | Entered Level 1 of the Lair of Beasts
 13103 | Orc:1    | Entered Level 1 of the Orcish Mines
 13171 | Orc:2    | Entered Level 2 of the Orcish Mines
 13172 | Orc:2    | Noticed a two-headed ogre
 13373 | Orc:1    | Killed a two-headed ogre
 13859 | D:11     | Reached XP level 12. HP: 82/108 MP: 4/11
 13951 | D:11     | You fall into a shaft and drop 3 floors!
 13966 | D:14     | Reached skill level 13 in Axes
 14031 | D:14     | Noticed a centaur warrior
 14827 | D:12     | Noticed a boulder beetle
 14844 | D:12     | Killed a boulder beetle
 14854 | D:12     | Noticed a two-headed ogre
 14859 | D:12     | Slain by a two-headed ogre

Illustrated notes

Levels and vault maps discovered:
D:1:      lemuel_arrival_muddy, layout_loops_ring, serial_shops,
          nicolae_shop_hallway_plus
D:2:      layout_basic, serial_shops, shop, basic_altar, serial_glass,
          glass_columns_a, glass_columns_a, glass_columns_a, glass_columns_b,
          glass_columns_b, glass_columns_b, glass_columns_a, glass_columns_b,
          glass_columns_a, glass_columns_a
D:3:      layout_rooms, mainiacjoe_overflow_24_doors,
          chequers_serial_rivers_room_a, minmay_puff
D:4:      layout_rooms, kennysheep_mini, minmay_misc_feat_columns, minivault_19,
          uniq_edmund
D:5:      layout_gridville, nicolae_dithmenos_through_a_glass_darkly,
          serial_rivers, chequers_serial_rivers_micro_b,
          chequers_serial_rivers_micro_a, chequers_serial_rivers_micro_b,
          chequers_serial_rivers_micro_d, chequers_serial_rivers_micro_e,
          chequers_serial_rivers_micro_d, serial_shops,
          nicolae_shop_just_a_little_nook
D:6:      layout_basic, lemuel_tele_altar, chequers_serial_rivers_micro_e
D:7:      layout_loops_corners, lemuel_temple_firewalk_a, enter_bailey_5,
          ebering_ghost_reflecting_pool, uniq_crazy_yiuf_cottage
D:8:      layout_layer_cave, mainiacjoe_overflow_boulevard
D:9:      layout_roguey, mainiacjoe_overflow_surrounded_room,
          kennysheep_slug_shrine, dpeg_lair_monsters, david_orc_2,
          columned_hall_lemuel
D:10:     layout_rooms, mainiacjoe_overflow_catwalk,
          minmay_misc_feat_nine_boxes, chequers_serial_rivers_marsh
D:11:     layout_small_grid
D:12:     layout_roguey, minmay_sticks_and_stones
D:13:     nooodl_glass_maze, layout_stronghold
D:14:     layout_basic, david_vaults_5, gauntlet_entry_generic, serial_shops,
          nicolae_shop_peninsula, eino_small_chamber_without_monster, uniq_lodul
Lair:1:   layout_gridlike, gammafunk_ghost_grave, serial_bayou_shore_b,
          lemuel_fruit_tree
Orc:1:    layout_diamond_mine, uniq_fannar, uniq_erica
Orc:2:    st_orc_open, layout_caves, basic_altar, nicolae_orc_sculptors_studio,
          uniq_saint_roka

Skill      XL: |  1  2  3  4  5  6  7  8  9 10 11 12 |
---------------+-------------------------------------+-----
Axes           | 4 5 6 7 8 10 12 13 | 13.5
Stealth        | 1 3 4 6 |  6.1
Fighting       | 4 5 6 7 9 10 11 | 11.0
Maces & Flails | 2 4 7 9 |  9.9
Ranged Weapons | 1 5 8 10 11 | 11.4
Armour         | |  2.4
Dodging        | |  2.1

Action                     |  1- 3 |  4- 6 |  7- 9 | 10-12 || total
---------------------------+-------+-------+-------+-------++-------
  Melee: Hand axe          |   102 |    47 |       |       ||   149
         Headbutt          |    18 |    12 |    27 |    63 ||   120
         Dire flail        |       |    40 |   174 |   152 ||   366
         Battleaxe         |       |       |       |   171 ||   171
   Fire: Shortbow          |       |       |    40 |    92 ||   132
  Throw: Stone             |     4 |       |       |       ||     4
         Dart              |       |     6 |    10 |       ||    16
         Boomerang         |       |       |     8 |     6 ||    14
 Invoke: Berserk           |       |     1 |     7 |    16 ||    24
         Trog's Hand       |       |       |     4 |    16 ||    20
  Evoke: Wand              |       |       |     1 |     5 ||     6
    Use: Scroll            |     1 |     3 |     2 |    15 ||    21
         Potion            |       |       |     1 |       ||     1
   Stab: Sleeping          |     2 |     2 |     2 |       ||     6
 Armour: Animal skin       |     2 |       |       |       ||     2
         Leather armour    |    24 |    19 |    58 |       ||   101
         Plate armour      |       |       |     4 |   216 ||   220
  Dodge: Dodged            |    50 |    40 |    93 |   147 ||   330

Table legend: (Time is in decaauts)
 A = Elapsed time spent in this place.
 B = Non-inter-level travel time spent in this place.
 C = Inter-level travel time spent in this place.
 D = Time resting spent in this place.
 E = Time spent auto-exploring this place.
 F = Levels seen in this place.
 G = Mean time per level.
                   A        B        C        D        E       F      G
               +--------+--------+--------+--------+--------+-----+--------+
         Total |  15073 |  14401 |    672 |   5600 |   6334 |  18 |  837.4 |
       Dungeon |  14379 |  13714 |    665 |   5141 |   6330 |  14 | 1027.1 |
          Lair |      1 |      1 |      0 |      0 |      0 |   1 |    1.0 |
  Orcish Mines |    501 |    495 |      6 |    409 |      4 |   2 |  250.5 |
        Bailey |    190 |    190 |      0 |     50 |      0 |   1 |  190.0 |
               +--------+--------+--------+--------+--------+-----+--------+

Top non-repeatable levels by time:
     D:9: 2118 daAuts
     D:8: 2052 daAuts
     D:7: 2012 daAuts
     D:6: 1927 daAuts
    D:10: 1212 daAuts
     D:5: 1023 daAuts
     D:1: 975 daAuts
     D:3: 814 daAuts
     D:4: 685 daAuts
    D:13: 574 daAuts
   Orc:1: 495 daAuts
    D:11: 317 daAuts
     D:2: 314 daAuts
    D:12: 265 daAuts
  Bailey: 190 daAuts
